 Dungeon Crawl Stone Soup version bcrawl-1.21.3 (webtiles) character file.

Game seed: 5447612572534878329

9307 funkygono the Thaumaturge (level 11, -13/64 HPs)
             Began as a Fairy Conjurer on Mar 29, 2020.
             Was a Priest of Vehumet.
             Mangled by Gastronok (33 damage)
             ... on level 10 of the Dungeon.
             The game lasted 00:31:18 (9536 turns).

funkygono the Thaumaturge (Fairy Conjurer)          Turns: 9536, Time: 00:31:18

Health: -13/64     AC: 11    Str:  7    XL:     11   Next: 44%
Magic:  6/30       EV: 18    Int: 21    God:    Vehumet [***...]
Gold:   217        SH:  6    Dex: 13    Spells: 22/36 levels left

rFire    . . .     SeeInvis .   k - +7 dagger (protect)
rCold    . . .     Gourm    .   (shield restricted)
rNeg     . . .     Faith    .   (armour unavailable)
rPois    .         Spirit   .   (no helmet)
rElec    .         Reflect  .   (no cloak)
rCorr    .         Harm     .   x - +1 pair of gloves
MR       +....                  u - +2 pair of boots
Stlth    +.........             (no amulet)
HPRegen  0.20/turn              (no ring)
MPRegen  0.22/turn              (no ring)

@: flying evasively, drained
A: small, magic attunement, unstealthy, unfitting armour, able to fly, AC/SH +6
a: Stop Flying, Renounce Religion


You were on level 10 of the Dungeon.
You worshipped Vehumet.
Vehumet was most pleased with you.
You were not hungry.

You visited 2 branches of the dungeon, and saw 11 of its levels.
You also visited: Ossuary.

You collected 586 gold pieces.
You spent 369 gold pieces at shops.

Inventory:

Hand Weapons
 j - a +1 short sword of venom
 k - a +7 dagger of protection (weapon)
Missiles
 a - 2529 stones (quivered)
 A - 2 throwing nets {!f}
Armour
 u - a +2 pair of boots (worn)
 x - a +1 pair of gloves (worn)
Wands
 p - a wand of digging (22)
 r - a wand of flame (17)
 y - a wand of random effects (13)
Scrolls
 f - 6 scrolls of remove curse
 l - 4 scrolls of magic mapping
 o - 4 scrolls of fear
 s - 3 scrolls of teleportation
 t - a scroll of immolation
Potions
 b - a potion of magic
 c - 3 potions of berserk rage
 d - a potion of flight {unknown}
 g - a potion of cancellation {unknown}
 h - 3 potions of heal wounds {unknown}
 i - 2 potions of brilliance
 m - 2 potions of haste
 n - 6 potions of curing
 q - 5 potions of lignification
 v - 3 potions of might
 w - 3 potions of mutation {unknown}
 z - 3 potions of agility
Comestibles
 e - 18 rations {!d}
 B - a chunk of flesh


   Skills:
 + Level 1.9(0.8) Fighting
 + Level 2.5(1.4) Short Blades
 + Level 6.3(5.1) Dodging
 + Level 2.7(1.6) Stealth
 + Level 13.1(11.7) Spellcasting
 + Level 13.0(11.6) Conjurations
 + Level 1.5(0.5) Hexes
 + Level 6.3(5.1) Fire Magic


You had 22 spell levels left.
You knew the following spells:

 Your Spells              Type           Power        Failure   Level  Hunger
a - Magic Dart            Conj           ####         1%          1    None
b - Searing Ray           Conj           ######..     1%          2    None
c - Iskenderun's Mystic   Conj           ######..     1%          3    None
d - Dazzling Spray        Conj/Hex       #####.       1%          3    None
e - Flame Tongue          Conj/Fire      #####        1%          1    None
f - Shock                 Conj/Air       #####        1%          1    None
g - Stone Arrow           Conj/Erth      #####.       1%          3    None

Your spell library contained the following spells:

 Spells                   Type           Power        Failure   Level  Hunger
 Fulminant Prism          Conj/Hex       #####.....   1%          4    None
 Irradiate                Conj/Tmut      #####.....   4%          5    None
 Confuse                  Hex            ##......     13%         3    None
 Yara's Violent Unravell  Hex/Tmut       ##........   13%         4    None
 Petrify                  Tmut/Erth      ##......     47%         4    None
 Mana Rupture             Conj/Hex       #####.....   65%         7    None
 Metabolic Englaciation   Hex/Ice        ##........   80%         5    None


Dungeon Overview and Level Annotations

Branches:
Dungeon (10/12)            Temple (1/1) D:4            Lair (0/6) D:9
    Orc: D:8-11

Altars:
Ashenzari
Cheibriados
Dithmenos
Elyvilon
Fedhas
Gozag
Hepliaklqana
Kikubaaqudgha
Lugonu
Makhleb
Nemelex Xobeh
Okawaru
Qazlal
Ru
Sif Muna
Trog
Uskayaw
Vehumet
Wu Jian
Xom
Yredelemnul
Zin
The Shining One

Shops:
D:6 (?   D:7 *   D:8 ?

Annotations:
D:10 Gastronok


Innate Abilities, Weirdness & Mutations

Your spells do not cause hunger and MP costs are reduced by 1.
Your bright wings attract enemies. (Stealth-)
You cannot fit into any form of body armour.
Your shimmering scales are hard and can block incoming attacks. (AC +6, SH +6)
You are small and have problems with some larger weapons.
You can fly continuously.


Message History

Press: ? - help, Shift-Dir - straight line, f/p - Gastronok
Aim: Gastronok, wearing a +2 hat (severely wounded)
The searing ray hits Gastronok.
Gastronok is severely wounded. (Press . to maintain the ray.)
The searing ray hits Gastronok!
Gastronok is severely wounded.
The searing ray hits Gastronok!
Gastronok is severely wounded.
The searing ray hits Gastronok!
Gastronok is almost dead.
The searing ray misses the rat.
The searing ray hits Gastronok!
Gastronok is almost dead.
The searing ray hits the rat!
You kill the rat!
The rat's corpse disappears in a puff of smoke!
Gastronok bites you!!
Ouch! That really hurt!
You die...

##÷##...># .... #).
....###..# #.. #.#
.#.#.#.#.####.# #)#
.÷.##.........# #5#
...#.#.#..##..# #5#
#.....)...#...# #.#
##.#.#....#...# #.#
#.###.#......#######5#
####.##.#.......@w§5r#
##.###.....##########
##.## ####### #.## .##
##


You could see Gastronok, an iron imp, an ufetubus and a rat.

Vanquished Creatures
  2 two-headed ogres
  Sonja (D:10)
  Pikel (D:8)
  A wolf spider (D:9)
  A centaur zombie (D:9)
  4 trolls
  Prince Ribbit (D:5)
  Grinder (D:3)
  3 hippogriffs
  5 yaks (D:9)
  2 hungry ghosts
  A water moccasin (D:7)
  A porcupine (D:10)
  An ice beast (D:9)
  A slave (D:8)
  2 orc warriors
  An eye of draining (D:9)
  2 phantoms
  4 ogres
  3 sky beasts
  3 centaurs
  3 bullfrogs
  2 scorpions
  4 wights
  A bullfrog zombie (D:5)
  3 crimson imps
  5 hounds
  A human zombie (Ossuary)
  7 orc wizards
  A jelly (D:5)
  4 orc priests
  A centaur skeleton (D:9)
  7 iguanas
  Jessica (D:3)
  5 worker ants
  A hound zombie (D:7)
  A hound skeleton (D:4)
  4 mummies (Ossuary)
  A howler monkey zombie (D:5)
  A worker ant zombie (D:7)
  3 gnolls (D:6)
  A howler monkey skeleton (D:4)
  8 adders
  A shadow imp (D:7)
  3 oozes
  An adder zombie (D:5)
  4 adder skeletons
  7 worms
  5 dart slugs
  4 leopard geckos
  32 orcs
  3 bats (D:1)
  A giant cockroach (D:2)
  A gnoll zombie (Ossuary)
  3 goblins (D:1)
  8 hobgoblins
  26 jackals
  9 kobolds
  2 quokkas
  A ball python (D:2)
  3 frilled lizards
  2 goblin zombies (Ossuary)
  2 hobgoblin zombies (Ossuary)
  2 orc zombies (Ossuary)
  A quokka skeleton (D:5)
  5 rats
232 creatures vanquished.

Vanquished Creatures (others)
  A slave (D:8)
  A plant (D:10)
2 creatures vanquished.

Grand Total: 234 creatures vanquished

Notes
Turn   | Place    | Note
-------+----------+-------------------------------------------
     0 | D:1      | funkygono the Fairy Conjurer began the quest for the Orb.
     0 | D:1      | Reached XP level 1. HP: 11/11 MP: 6/6
   201 | D:1      | Reached skill level 5 in Conjurations
   275 | D:1      | Reached XP level 2. HP: 17/17 MP: 7/7
   279 | D:1      | Learned a level 2 spell: Searing Ray
   840 | D:2      | Reached XP level 3. HP: 21/21 MP: 9/9
  1020 | D:2      | Found a sacrificial altar of Ru.
  1392 | D:2      | Reached XP level 4. HP: 27/27 MP: 10/10
  2207 | D:3      | Learned a level 3 spell: Iskenderun's Mystic Blast
  2324 | D:3      | Noticed Jessica
  2329 | D:3      | Killed Jessica
  2329 | D:3      | Reached XP level 5. HP: 21/31 MP: 7/12
  2429 | D:3      | Noticed Grinder
  2598 | D:3      | Found a shimmering blue altar of Sif Muna.
  2618 | D:3      | Paralysed by Grinder for 2 turns
  2628 | D:3      | Killed Grinder
  2628 | D:3      | Reached skill level 5 in Spellcasting
  2628 | D:3      | Reached XP level 6. HP: 27/36 MP: 5/15
  2873 | D:4      | Noticed an orc warrior
  2882 | D:4      | Killed an orc warrior
  2882 | D:4      | Reached XP level 7. HP: 41/41 MP: 8/17
  3099 | D:4      | Found a sand-covered staircase.
  3106 | Ossuary  | Entered an ossuary
  3211 | Ossuary  | Reached skill level 1 in Short Blades
  3467 | D:4      | Found a staircase to the Ecumenical Temple.
  3595 | Temple   | Entered the Ecumenical Temple
  3713 | Temple   | Became a worshipper of Vehumet
  4208 | D:5      | Entered Level 5 of the Dungeon
  4276 | D:5      | Reached XP level 8. HP: 46/46 MP: 16/20
  4860 | D:5      | Learned a level 3 spell: Dazzling Spray
  4896 | D:5      | Noticed Prince Ribbit
  4914 | D:5      | Killed Prince Ribbit
  4914 | D:5      | Reached skill level 10 in Conjurations
  4914 | D:5      | Reached XP level 9. HP: 52/52 MP: 17/24
  5248 | D:6      | Found Jaurumnu's Antique Weapon Shop.
  5254 | D:6      | Reached * piety under Vehumet
  5254 | D:6      | Offered knowledge of Flame Tongue by Vehumet.
  5257 | D:6      | Learned a level 1 spell: Flame Tongue
  5692 | D:6      | Reached skill level 1 in Fire Magic
  5820 | D:6      | Reached skill level 10 in Spellcasting
  6180 | D:6      | Found Oplus's Magic Scroll Boutique.
  6187 | D:6      | Bought a scroll of enchant armour for 97 gold pieces
  6187 | D:6      | Bought a scroll of identify for 26 gold pieces
  6187 | D:6      | Bought a scroll of enchant weapon for 97 gold pieces
  6187 | D:6      | Bought a scroll of identify for 26 gold pieces
  6187 | D:6      | Bought a scroll of identify for 26 gold pieces
  6187 | D:6      | Bought a scroll of enchant weapon for 97 gold pieces
  6566 | D:7      | Noticed a troll
  6576 | D:7      | Killed a troll
  6611 | D:7      | Reached ** piety under Vehumet
  6617 | D:7      | Offered knowledge of Shock by Vehumet.
  6745 | D:7      | Reached XP level 10. HP: 47/57 MP: 26/26
  6753 | D:7      | Reached skill level 5 in Dodging
  6955 | D:7      | Learned a level 1 spell: Shock
  7134 | D:7      | Found Fonkytz's Assorted Antiques.
  7215 | D:7      | Reached skill level 5 in Fire Magic
  7251 | D:8      | Noticed a two-headed ogre
  7259 | D:7      | Killed a two-headed ogre
  7479 | D:8      | Offered knowledge of Stone Arrow by Vehumet.
  7484 | D:8      | Learned a level 3 spell: Stone Arrow
  7510 | D:8      | Reached skill level 1 in Fighting
  7646 | D:8      | Noticed Pikel
  7681 | D:8      | Killed Pikel
  7984 | D:8      | Found Dich's Magic Scroll Emporium.
  8341 | D:9      | Reached *** piety under Vehumet
  8382 | D:9      | Found a staircase to the Lair.
  8411 | D:9      | Reached XP level 11. HP: 63/63 MP: 26/29
  8532 | D:9      | Noticed a two-headed ogre
  8542 | D:9      | Killed a two-headed ogre
  8719 | D:9      | Reached skill level 1 in Hexes
  8905 | D:9      | Noticed a wolf spider
  8916 | D:9      | Killed a wolf spider
  9218 | D:10     | Entered Level 10 of the Dungeon
  9253 | D:10     | Noticed Sonja
  9284 | D:10     | Killed Sonja
  9513 | D:10     | Noticed Gastronok
  9536 | D:10     | Mangled by Gastronok

Skill      XL: |  1  2  3  4  5  6  7  8  9 10 11 |
---------------+----------------------------------+-----
Conjurations   | 5 6 7 8 10 11 12 13 | 13.0
Spellcasting   | 3 5 7 9 10 12 13 | 13.1
Dodging        | 3 4 5 6 |  6.3
Stealth        | 2 |  2.7
Short Blades   | 1 2 |  2.5
Fire Magic     | 4 5 6 |  6.3
Fighting       | 1 |  1.9
Hexes          | 1 |  1.5

Action                   |  1- 3 |  4- 6 |  7- 9 | 10-12 || total
-------------------------+-------+-------+-------+-------++-------
Melee: Short sword       |       |     8 |       |       ||     8
       Dagger            |       |       |    22 |    16 ||    38
 Cast: Magic Dart        |    59 |    54 |   176 |    60 ||   349
       Searing Ray       |     6 |     9 |    41 |    27 ||    83
       Iskenderun's Myst |       |     2 |    10 |    13 ||    25
       Dazzling Spray    |       |       |    10 |    13 ||    23
       Flame Tongue      |       |       |    56 |    33 ||    89
 Abil: Stop Flying       |     1 |       |       |       ||     1
       Fly               |       |       |     1 |       ||     1
  Use: Scroll            |     1 |     3 |    16 |     6 ||    26
       Potion            |       |       |     2 |     4 ||     6
  Eat: Chunk             |     1 |     5 |     8 |     6 ||    20
       Ration            |       |       |     1 |     1 ||     2
Armor: Skin              |     1 |     6 |    21 |    27 ||    55
Dodge: Dodged            |     8 |     6 |    70 |    73 ||   157
Block: Other             |     1 |     6 |    29 |    29 ||    65
